 Dungeon Crawl Stone Soup version 0.26.1-11-gd32895ea62 (webtiles) character file.

Game seed: 17437506794838582640

54 Descartes the Scratcher (level 3, -1/15 HPs)
             Began as a Felid Transmuter on June 29, 2021.
             Slain by an adder (4 damage)
             ... on level 2 of the Dungeon.
             The game lasted 00:03:31 (1810 turns).

Descartes the Scratcher (Felid Transmuter)          Turns: 1810, Time: 00:03:32

Health: -1/15      AC:  1    Str:  7    XL:     3   Next: 66%
Magic:  7/7        EV: 18    Int: 14    God:
Gold:   125        SH:  0    Dex: 16    Spells: 5/6 levels left
                                        Lives:  0   Deaths: 0

rFire    + . .     SeeInvis +     - Unarmed
rCold    . . .     Faith    .   (shield unavailable)
rNeg     . . .     Spirit   .   (armour unavailable)
rPois    .         Reflect  .   (helmet unavailable)
rElec    .         Harm     .   (cloak unavailable)
rCorr    .         Rampage  .   (gloves unavailable)
Will     .....                  (boots unavailable)
Stlth    +.........             (no amulet)
HPRegen  0.05/turn              (no ring)
MPRegen  0.10/turn              (no ring)

@: flying, quick
A: very small, no armour, no weapons or thrown items, stealth, antennae 1, claws
1, fangs 3, see invisible, fire resistance 1, speed 1, sense surroundings 1,
shaggy fur 1, sharp paws
a: no special abilities


You were on level 2 of the Dungeon.
You visited 1 branch of the dungeon, and saw 2 of its levels.

You collected 125 gold pieces.

Inventory:

Missiles
 f - 24 arrows
 g - 20 stones
Scrolls
 b - a scroll of fog {unknown}
 c - 2 scrolls of remove curse {unknown}
 e - a scroll of immolation {unknown}
 h - a scroll of identify {unknown}
Potions
 d - a potion of flight


   Skills:
 - Level 1.0 Fighting
 - Level 2.6 Dodging
 + Level 4.7 Unarmed Combat
 - Level 2.0 Spellcasting
 - Level 2.1 Transmutations


You had 5 spell levels left.
You knew the following spells:

 Your Spells              Type           Power        Failure   Level
a - Beastly Appendage     Tmut           14%          10%         1

Your spell library contained the following spells:

 Spells                   Type           Power        Failure   Level
 Wereblood                Tmut           7%           14%         2
 Spider Form              Tmut/Pois      2%           41%         3
 Ice Form                 Ice/Tmut       4%           83%         4
 Blade Hands              Tmut           3%           95%         5


Dungeon Overview and Level Annotations

Branches:
Dungeon (2/15)

Altars:
Fedhas
Gozag
Makhleb
Okawaru


Innate Abilities, Weirdness & Mutations

You cannot wear armour.
You are incapable of wielding weapons or throwing items.
Your paws allow you to move quietly. (Stealth)
You have sharp claws.
You have razor-sharp teeth.
You have supernaturally acute eyesight. (SInv)
You cover ground quickly.
You are covered in fur. (AC +1)
Your sharp claws are effective at attacking unaware monsters.
You have a pair of small antennae on your head.
Your flesh is heat resistant. (rF+)
You passively map a small area around you.


Message History

You are not religious.
It was a potion of flight.
You feel very buoyant.
You fly up into the air.
The adder bites you but does no damage. The adder barely misses you.
The adder barely misses you.
Unknown command.
The adder barely misses you. The adder closely misses you.
The adder closely misses you.
It was a potion of mutation.
You feel extremely strange. A pair of antennae grows on your head!
You feel a strange attunement to the structure of the dungeons.
You feel resistant to heat. The adder misses you. The adder closely misses you.
You see here a jackal skeleton.
There is a stone staircase leading up here.
The adder bites you.
You die...

.#, #.... ##.#.* , , ###
#.### .... , ..# ##.##.
..##. ##* #######.#
#..#.. .?... ..
#.....#.# #..#..
..#####.
#.###.#.#########.....
..... .. ,
#...>..............#..
...## #.
###.#......#########.#..
...####.##...#..@....#
#..##.
...##...........S....#
...###
...##..÷.............#,
......
≈..##................#
.###..
≈..#########.....###.#
###.. ≈........###.#####
.# , #....
.........#...# .# ,
.#.###
≈........#...#####
......
≈........#÷......#
......


You could see an adder.

Vanquished Creatures
  6 dart slugs
  5 leopard geckos
  3 hobgoblins (D:1)
  4 jackals (D:2)
  2 kobolds (D:2)
  3 quokkas (D:2)
  A ball python (D:1)
  3 bats
  4 goblins
  4 rats
35 creatures vanquished.

Notes
Turn   | Place    | Note
-------+----------+-------------------------------------------
     0 | D:1      | Descartes the Felid Transmuter began the quest for the Orb.
     0 | D:1      | Reached XP level 1. HP: 9/9 MP: 4/4
   139 | D:1      | Reached XP level 2. HP: 10/12 MP: 6/6
   803 | D:1      | Reached skill level 4 in Unarmed Combat
  1023 | D:2      | Reached XP level 3. HP: 15/15 MP: 7/7
  1183 | D:2      | Found an opulent altar of Gozag.
  1696 | D:2      | Found a burning altar of Makhleb.
  1696 | D:2      | Found an iron altar of Okawaru.
  1697 | D:2      | Found a blossoming altar of Fedhas.
  1717 | D:2      | Found a faded altar of an unknown god.
  1792 | D:2      | Gained mutation: You have a pair of small antennae on your
                  | head. [potion of mutation]
  1792 | D:2      | Gained mutation: You passively map a small area around you.
                  | [potion of mutation]
  1792 | D:2      | Gained mutation: Your flesh is heat resistant. (rF+)
                  | [potion of mutation]
  1810 | D:2      | Slain by an adder

Illustrated notes

Levels and vault maps discovered:
D:1:      minmay_arrival_glassed_features, layout_rooms
D:2:      layout_basic, minitemple, old_standard_altar,
          chequers_ecumenical_altar_island, hangedman_decor_growths, st_stairs_9

Skill      XL: |  1  2 |
---------------+-------+-----
Unarmed Combat | 4 |  4.7
Fighting       | |  1.0
Dodging        | |  2.6
Spellcasting   | |  2.0
Transmutations | |  2.1

Action                   || total
-------------------------++-------
Melee: Unarmed           ||    89
       Headbutt          ||    11
       Bite              ||     6
 Cast: Beastly Appendage ||    22
  Use: Potion            ||     2
 Stab: Sleeping          ||     3
Armor: Skin              ||     5
Dodge: Dodged            ||    88
